 Dungeon Sprint DCSS version 0.22-a0-252-gcace5d2 (webtiles) character file.

7 Kidiri the Covered (level 2, 0/20 HPs)
             Began as a Gargoyle Fighter on Mar 1, 2018.
             Slain by a sky beast (1 damage)
             ... in the Dungeon (Sprint IX: "|||||||||||||||||||||||||||||").
             The game lasted 00:01:25 (72 turns).

Kidiri the Covered (Gargoyle Fighter)                 Turns: 72, Time: 00:01:27

Health: 0/20       AC:  9    Str: 19    XL:     2   Next: 4%
Magic:  2/2        EV:  7    Int:  8    God:
Gold:   0          SH:  9    Dex:  9    Spells: 1/1 levels left

rFire    . . .     SeeInvis .   a - +0 flail
rCold    . . .     Gourm    .   c - +0 shield
rNeg     + . .     Faith    .   b - +0 scale mail
rPois    ∞         Spirit   .   (no helmet)
rElec    +         Reflect  .   (no cloak)
rCorr    .         Harm     .   (no gloves)
MR       .....     NoTele   +   (no boots)
Stlth    ..........             (no amulet)
HPRegen  0.06/turn              (no ring)
MPRegen  0.08/turn              (no ring)

@: berserk cooldown, slowed, very slow
A: negative energy resistance 1, electricity resistance, unbreathing,
petrification resistance, rot immunity, AC +2
a: no special abilities


You were in the Dungeon.
You were not hungry.

You visited 1 branch

Inventory:

Hand Weapons
 a - a +0 flail (weapon)
Armour
 b - a +0 scale mail (worn)
 c - a +0 shield (worn)
Scrolls
 k - a scroll of blinking
Potions
 d - a potion of might
 g - a potion of heal wounds
 h - a potion of haste
 i - 2 potions of magic
Comestibles
 f - a ration
 l - 2 chunks of flesh


   Skills:
 * Level 3.7 Fighting
 * Level 2.5 Maces & Flails
 * Level 3.7 Armour
 * Level 1.1 Dodging
 + Level 1.0 Stealth
 * Level 3.7 Shields


You had one spell level left.
You didn't know any spells.

Dungeon Overview and Level Annotations

Branches:
Dungeon (1/1)

Altars:


Innate Abilities, Weirdness & Mutations

You are resistant to torment.
Your stone body is resilient. (AC +2)
You are immune to poison.
You resist negative energy. (rN+)
You are resistant to electric shocks. (rElec)
You can survive without breathing.
You are immune to petrification.
You are immune to rotting.


Message History

The sky beast hits you but does no damage.
Your unstable footing causes you to fumble your attack.
You block the sky beast's attack.
Your unstable footing causes you to fumble your attack.
You hit the sky beast.
The sky beast is heavily wounded.
The sky beast hits you.
* * * LOW HITPOINT WARNING * * *
The sky beast shocks you. You resist.
* * * LOW HITPOINT WARNING * * *
Your unstable footing causes you to fumble your attack.
The sky beast closely misses you.
You barely miss the sky beast.
The sky beast is heavily wounded.
You are no longer berserk.
You are exhausted.
You feel yourself slow down. The sky beast hits you.
* * * LOW HITPOINT WARNING * * *
The sky beast shocks you. You resist.
You die...

▓.▓
▓.▓
▓(▓
▓)▓
▓)▓
▓.▓
▓.▓
▓.▓
▓@▓
▓Y▓
▓Z▓
▓l▓
▓s▓
▓.▓
▓.▓
▓+▓


You could see a sky beast, a giant cockroach, a frilled lizard and a quokka
skeleton.

Vanquished Creatures
  An orc (D)
  A bat (D)
  A hobgoblin (D)
  A kobold (D)
  2 rats (D)
6 creatures vanquished.

Notes
Turn   | Place    | Note
-------+----------+-------------------------------------------
     0 | D        | Kidiri the Gargoyle Fighter began the quest for the Orb.
     0 | D        | Reached XP level 1. HP: 14/14 MP: 1/1
    21 | D        | Reached skill level 1 in Dodging
    40 | D        | Noticed a sky beast
    44 | D        | Reached skill level 1 in Stealth
    44 | D        | Reached XP level 2. HP: 19/20 MP: 2/2
    72 | D        | HP: 1/20 [sky beast (1)]
    72 | D        | Slain by a sky beast

Vault maps used:
D:        linesprint

Skill      XL: |  1 |
---------------+----+-----
Dodging        | 1 |  1.1
Stealth        | 1 |  1.0
Fighting       | |  3.7
Maces & Flails | |  2.5
Armour         | |  3.7
Shields        | |  3.7

Action                   || total
-------------------------++-------
Melee: Flail             ||    47
  Use: Potion            ||     2
Armor: Scale mail        ||    21
Dodge: Dodged            ||     6
Block: Shield            ||    16

Table legend:
 A = Spawn XP
 B = Non-spawn XP
 C = Spawn XP percentage of total XP
 D = Spawn monster count
 E = Non-spawn monster count
 F = Spawn count percentage of total count
 G = Total turns spent on level
                    A         B        C        D         E        F      G
               +---------+---------+-------+---------+---------+-------+---------
         Total |       0 |      11 |   0.0 |       0 |       6 |   0.0 |    72
               +---------+---------+-------+---------+---------+-------+---------
             D |       0 |      11 |   0.0 |       0 |       6 |   0.0 |    72
               +---------+---------+-------+---------+---------+-------+---------
